Map: Lock & Load

Players

wasp

  • Race: Protoss Protoss
  • Spawn Location: 6:00

NamroodTuo

  • Race: Zerg Zerg

VOD

Have the link to the VOD?

Description

Time

  • Played on: April 18, 2023, 9:43 a.m.
  • Length: 18:14
Show
View Real Time Build Order
Export as new Build Order

wasp Protoss 

Build Orders:  

Get SALT Encoding   

  12  0:02  Probe (Chrono Boost)  
  13  0:23  Probe (Chrono Boost)  
  13  0:24  Pylon  
  14  0:49  Pylon  
  14  1:02  Gateway  
  14  1:24  Forge  
  14  1:38  Gateway  
  14  1:43  Probe (Chrono Boost)  
  15  1:55  Probe (Chrono Boost)  
  16  2:03  Assimilator  
  16  2:07  Probe (Chrono Boost)  
  17  2:10  Sentinel  
  17  2:19  Probe (Chrono Boost)  
  20  2:31  Probe (Chrono Boost)  
  21  2:43  Probe (Chrono Boost), Sentinel  
  24  3:02  Probe (Chrono Boost)  
  25  3:14  Probe (Chrono Boost)  
  25  3:15  Gateway  
  25  3:17  Gateway  
  26  3:43  Probe (Chrono Boost)  
  27  4:01  Assimilator  
  27  4:24  Probe (Chrono Boost)  
  28  4:36  Probe (Chrono Boost)  
  28  4:37  Sentinel  
  31  5:32  Pylon  
  31  5:36  Pylon  
  31  5:42  Pylon  
  31  5:47  Pylon  
  31  5:52  Sentinel x3  
  31  5:55  Probe (Chrono Boost)  
  31  5:56  Sentinel  
  38  6:07  Probe (Chrono Boost)  
  41  6:15  Nexus  
  41  6:19  Probe (Chrono Boost)  
  41  6:25  Sentinel x3  
  42  6:37  Sentinel  
  50  8:28  Sentinel x4  
  50  8:35  Sentinel x4  
  50  8:41  Sentinel x4  
  66  9:12  Pylon  
  74  9:21  Pylon  
  74  9:26  Sentinel  
  76  11:10  Sentinel x2  
  76  11:11  Sentinel x2  
  84  11:43  Sentinel x2  
  84  11:44  Sentinel x2  
  92  12:16  Sentinel  
  94  12:36  Pylon  
  94  12:41  Pylon  
  94  12:47  Pylon  
  94  12:50  Pylon  
  94  12:56  Sentinel x3  
  94  12:59  Probe (Chrono Boost)  
  101  13:11  Probe (Chrono Boost)  
  102  13:23  Probe (Chrono Boost)  
  93  15:41  Sentinel x2  
  93  15:42  Sentinel x2  
  93  15:48  Sentinel x4  
  91  15:55  Sentinel x4  
  83  16:21  Sentinel x3  
  83  16:22  Sentinel  
  103  16:54  Sentinel x3  
  103  16:55  Sentinel  
Show
View Real Time Build Order
Export as new Build Order

NamroodTuo Zerg 

Build Orders:  

Get SALT Encoding   

  12  0:19  Infested Barracks  
  12  0:26  Infested SCV  
  13  0:33  Infested SCV  
  14  0:42  Infested SCV  
  15  0:52  Overlord  
  15  1:06  Infestation Level 1  
  15  1:18  Infested SCV  
  16  1:27  Infested SCV  
  17  1:34  Infested SCV  
  17  1:38  Infested SCV  
  19  1:43  Infested SCV  
  20  1:52  Infested Refinery  
  20  2:01  Overlord  
  20  2:19  Infested Refinery  
  20  2:20  Overlord  
  20  2:21  Infested SCV  
  20  2:26  Infested SCV  
  22  2:40  Infested Engineering Bay  
  22  2:43  Infested SCV  
  22  2:48  Infested SCV  
  24  3:02  Infested SCV  
  25  3:16  Infested SCV  
  26  3:34  Infested Command Center  
  26  3:39  Infested SCV  
  27  3:46  Infested SCV  
  28  4:00  Infested SCV  
  28  4:02  Infested Factory  
  29  4:16  Infestation Level 2  
  29  4:27  Infested Barracks Tech Lab  
  29  4:29  Stukov Infantry Weapons Level 1  
  29  5:31  Infested Command Center  
  29  5:36  Infested SCV x3  
  29  5:37  Infested SCV  
  33  5:44  Infested Bunker  
  37  5:58  Infested SCV x2  
  39  6:00  Retinal Augmentation  
  39  6:08  Anaerobic Enhancement  
  39  6:14  Overlord  
  39  6:26  Stukov Infantry Armor Level 1  
  39  6:46  Infested Bunker  
  43  6:51  Infested SCV x3  
  43  6:52  Unknown  
  43  6:53  Infested SCV  
  43  6:59  Overlord  
  47  7:21  Infested Missile Turret  
  47  7:36  Broodling Gestation  
  47  7:39  Plagued Munitions  
  51  7:55  Infested Bunker  
  55  8:13  Infested Factory Tech Lab  
  55  8:17  Regenerative Plating  
  55  8:35  Stukov Infantry Weapons Level 2  
  55  8:37  Infested SCV x3  
  55  8:38  Infested SCV x2  
  60  8:43  Infested Refinery  
  60  8:47  Infested Bunker  
  60  9:05  Infested Missile Turret  
  60  9:20  Infested SCV  
  60  9:26  Infested Armory  
  60  9:28  Infested SCV  
  60  9:29  Overlord  
  62  9:30  Overlord x2  
  62  9:39  Infested Missile Turret  
  62  10:09  Infested Bunker  
  66  10:14  Infested Bunker  
  70  10:22  Infested SCV  
  70  10:23  Infested SCV x2  
  70  10:24  Infested SCV  
  70  10:26  Infested SCV  
  75  10:48  Infested Siege Tank x2  
  81  10:58  Infested Missile Turret  
  81  11:03  Infested Missile Turret  
  85  11:14  Infested Bunker  
  85  11:20  Stukov Infantry Armor Level 2  
  89  11:37  Infested Bunker  
  89  12:05  Aggressive Incubation  
  89  12:13  Infested Bunker  
  89  12:15  Overlord x3  
  93  12:24  Infested Missile Turret  
  93  12:58  Infested Siege Tank x3  
  102  13:02  Overlord  
  102  13:09  Infested Refinery  
  102  13:11  Infested SCV x3  
  102  13:12  Overlord  
  102  13:13  Overlord  
  105  13:34  Stukov Infantry Weapons Level 3  
  109  14:14  Infested Bunker  
  113  14:23  Calcified Armor, Infested Bunker  
  117  14:34  Infested Bunker  
  117  15:01  Infested Missile Turret  
  117  15:11  Infested Missile Turret  
  117  15:25  Infested SCV x4  
  137  16:01  Infested Bunker  
  137  16:04  Infested Bunker  
  141  16:11  Infested Bunker  
  141  16:31  Overlord  
  141  16:32  Overlord x4  
  141  16:50  Infested Bunker  
  141  16:53  Infested Missile Turret  
  141  17:00  Infested Missile Turret  
  141  17:22  Infested Bunker  
  141  17:37  Infested Missile Turret  
Tags
 
Commander
KaraxStukov
Matchup
Co-op
Replay Pack
Multiplayer
Add a new tag
Caveats
  • Supply blocks, unpowered buildings, or Contaminate may cause inaccurate times.
  • Supply counts are checked every 10 seconds.